 Dungeon Crawl Stone Soup version 0.30-a0-137-gd8773701ce (webtiles) character file.

Game seed: 14949032906601764295

602 juncz the Magician (level 7, -5/52 HPs)
             Began as a Djinni Conjurer on Sept 22, 2022.
             Killed by miscasting Iskenderun's Mystic Blast (6 damage)
             ... on level 4 of the Dungeon.
             The game lasted 00:09:34 (3555 turns).

juncz the Magician (Djinni Conjurer)                Turns: 3555, Time: 00:09:35

Health: -5/52      AC:  4    Str:  6    XL:     7   Next: 69%
Gold:   160        EV:  9    Int: 21    God:
                   SH:  7    Dex: 12

rFire   + + .      SeeInvis .    n - +5 long sword of Gehenna {chaos, Stlth+}
rCold   x . .      Faith    .    h - +2 buckler
rNeg    . . .      Spirit   .    a - +0 robe
rPois   ∞          Reflect  .    z - +0 helmet
rElec   .          Harm     .    (no cloak)
rCorr   .          Rampage  .    g - +0 pair of gloves
Will    .....                    (boots unavailable)
Stlth   +++.......               (no amulet)
HPRegen 0.17/turn                (no ring)
MPRegen 0.00/turn                (no ring)

@: flying, very slightly contaminated, constricted
A: sickness immunity, fire resistance 2, cold vulnerability 1, float, innate
caster, HP casting, extra vitality 1
a: no special abilities


You were on level 4 of the Dungeon.
You visited 1 branch of the dungeon, and saw 4 of its levels.

You collected 160 gold pieces.

Inventory:

Hand Weapons
 c - a +0 short sword of electrocution
 n - the +5 long sword of Gehenna (weapon) {chaos, Stlth+}
   (You found it on level 2 of the Dungeon)

   Each time it hits an enemy it has a different, random effect.
   Stlth:     It makes you more stealthy.
Armour
 a - a +0 robe (worn)
 g - a +0 pair of gloves (worn)
 h - a +2 buckler (worn)
 z - a +0 helmet (worn)
Magical Staves
 w - a staff of death
Scrolls
 b - a scroll of magic mapping
 d - 3 scrolls of identify
 e - a scroll of enchant weapon {unknown}
 f - 2 scrolls of noise {unknown}
 k - 2 scrolls of poison {unknown}
 m - a scroll of vulnerability {unknown}
 o - a scroll of amnesia {unknown}
 p - a scroll of blinking {unknown}
 t - a scroll of acquirement {unknown}
 u - a scroll of torment {unknown}
 v - a scroll of immolation {unknown}
 x - 2 scrolls of teleportation {unknown}
 y - a scroll of fear {unknown}
 A - a scroll of butterflies {unknown}
Potions
 i - 3 potions of curing
 j - a potion of brilliance {unknown}
 l - a potion of ambrosia {unknown}
 q - 3 potions of lignification {unknown}
 r - 2 potions of flight {unknown}
 s - a potion of heal wounds {unknown}


   Skills:
 + Level 4.0 Fighting
 - Level 2.6 Dodging
 - Level 2.0 Stealth
 + Level 3.9 Shields
 + Level 4.7 Spellcasting


You couldn't memorise any spells.
You knew the following spells:

 Your Spells              Type           Power      Damage    Failure   Level
a - Magic Dart            Conj           96%        1d7       1%          1
b - Searing Ray           Conj           48%        2d6       3%          2
c - Dazzling Flash        Conj/Hex       48%        N/A       6%          3
d - Fulminant Prism       Conj/Hex       12%        3d9       21%         4
e - Iskenderun's Mystic   Conj/Tloc      24%        2d7       21%         4
f - Foxfire               Conj/Fire      96%        2x1d8     1%          1
g - Wereblood             Tmut           24%        N/A       3%          2
h - Frozen Ramparts       Ice            48%        1d8       6%          3
Your spell library was empty.

Dungeon Overview and Level Annotations

Branches:
Dungeon (4/15)
 Temple: D:4-7

Altars:
Trog

Shops:
D:1 =   D:3 =

Portals:
Sewer: D:4


Innate Abilities, Weirdness & Mutations

You are immune to sickness and miasma.
You are immune to poison.
Your flesh is very heat resistant. (rF++)
You are vulnerable to cold. (rC-)
You float through the air rather than walking.
You learn spells naturally, not from books.
Your magical power is your life essence.
You have superior vitality. (+4 MHP)


Message History

Found an escape hatch in the floor.
Found a stone staircase leading up.
Found a glowing drain.
Found an orange potion.
You hear the slow rusting of a drain.
You reach down and open the door.
A rat comes into view.
Casting: Magic Dart (safe; 1% risk of failure)
Confirm with . or Enter, or press ? or * to list all spells.
Aiming: Fulminant Prism (quite dangerous; 21% risk of failure)
Press: ? - help, Dir - move target You conjure a prism of explosive energy!
A fulminant prism comes into view.
Casting: Fulminant Prism (quite dangerous; 21% risk of failure)
Confirm with . or Enter, or press ? or * to list all spells.
Aiming: Fulminant Prism (quite dangerous; 21% risk of failure)
Press: ? - help, Dir - move target You miscast Fulminant Prism.
You are very lightly contaminated with residual magic.
You are blasted with magical energy!
* * * LOW HITPOINT WARNING * * *
x2 The rat barely misses you.
Your fulminant prism crackles loudly.
You hit the rat.
You kill the rat!
The ball python closely misses you. The ball python grabs you.
The ball python constricts you.
Your fulminant prism explodes!
The blast of energy engulfs the rat!
You kill the rat!
The blast of energy engulfs the rat!!
You kill the rat!
The blast of energy engulfs the river rat!
You kill the river rat!
The blast of energy engulfs the river rat.
The river rat is heavily wounded.
You hear an angry hiss.
You hear a shout! x2
Casting: Fulminant Prism (quite dangerous; 21% risk of failure)
Confirm with . or Enter, or press ? or * to list all spells.
You miscast Iskenderun's Mystic Blast.
Energy rips through your body.
You die...

#............#..#,,,,,,*
*,,,
#............#..#,,,,,,*
*,,,
#...............#,,,,,,*
*,,,
#..<>...........#,,,,,,*
*,,,
#......######...#,,,,,,*
*,,,
#......#~~~~#...#,,,,,,*
*,,,
*......#~~~~#...#,,,,,,*
*,,,
*,.....#~~∩~#...#,,,,,,*
*,,,
*,,..,,#~~††S@..#,,,,,,*
*,,,
*,,,,,,#~~†r#...#,,,,,,*
*,,,
*,,,,,,####*#...#,,,,,,*
*,,,
*,,,,,,,,,,,....#,,,,,,*
*,,,
*,,,,,,,,,,,!#..#,,,,,,*
*,,,
*,,,,,,,,,,..*..+,,,,,,*
*,,,
*,,,,,,,,,,..*###,,,,,,*
*,,,
*,,,,,,,,,...,,,,,,,,,,*
*,,,
*,>,,,,,,,,,,,,,,,,,,,,*
*,,,


You could see a river rat and a ball python.

Vanquished Creatures
  Eustachio (D:4)
  An ogre (D:4)
  A phantom (D:3)
  2 scorpions (D:4)
  A hound (D:4)
  Jessica (D:3)
  An orc wizard (D:3)
  4 adders
  A river rat (D:4)
  A dart slug (D:1)
  7 orcs (D:3)
  11 ball pythons
  6 endoplasms
  2 giant cockroaches (D:1)
  6 goblins
  3 hobgoblins
  A jackal (D:3)
  2 quokkas
  A bat (D:3)
  3 frilled lizards
  11 kobolds
  7 rats
  2 fulminant prisms (D:4)
76 creatures vanquished.

Vanquished Creatures (others)
  3 fulminant prisms (D:4)
3 creatures vanquished.

Grand Total: 79 creatures vanquished

Notes
Turn   | Place    | Note
-------+----------+-------------------------------------------
     0 | D:1      | juncz the Djinni Conjurer began the quest for the Orb.
     0 | D:1      | juncz set off with the following spells memorised: Magic
                  | Dart, Searing Ray, Dazzling Flash, Fulminant Prism,
                  | Iskenderun's Mystic Blast.
     0 | D:1      | Reached XP level 1. HP: 15/15 MP: 0/0
     3 | D:1      | Found Paguph's Jewellery Emporium.
   218 | D:1      | Found a faded altar of an unknown god.
   223 | D:1      | Reached XP level 2. HP: 16/21 MP: 0/0
  1039 | D:2      | Reached XP level 3. HP: 23/26 MP: 0/0
  1039 | D:2      | Learned a level 1 spell: Foxfire
  1084 | D:2      | Identified the +5 long sword of Gehenna {chaos, Stlth+}
  1238 | D:2      | Reached skill level 1 in Fighting
  1282 | D:2      | Reached skill level 1 in Shields
  1449 | D:2      | Reached XP level 4. HP: 28/32 MP: 0/0
  1730 | D:2      | Found a bloodstained altar of Trog.
  2010 | D:3      | Noticed Jessica
  2013 | D:3      | Killed Jessica
  2211 | D:3      | Reached XP level 5. HP: 36/38 MP: 0/0
  2211 | D:3      | Learned a level 2 spell: Wereblood
  2228 | D:3      | Found Zalar's Jewellery Shop.
  2908 | D:3      | Noticed a phantom
  2921 | D:3      | Killed a phantom
  2922 | D:3      | Reached XP level 6. HP: 7/45 MP: 0/0
  3482 | D:4      | Noticed Eustachio
  3513 | D:4      | Noticed an ogre
  3516 | D:4      | Killed an ogre
  3517 | D:4      | Reached XP level 7. HP: 28/50 MP: 0/0
  3517 | D:4      | Learned a level 3 spell: Frozen Ramparts
  3523 | D:4      | Killed Eustachio
  3546 | D:4      | Found a glowing drain.
  3555 | D:4      | Killed by miscasting Iskenderun's Mystic Blast

Illustrated notes

Levels and vault maps discovered:
D:1:      dpeg_arrival_rhombi, layout_loops_ring,
          hellmonk_ecumenical_altar_lost_god, serial_shops, shop
D:2:      layout_basic, basic_altar, minmay_hedge_maze
D:3:      layout_loops_ring, serial_shops, shop, minmay_close_crescents,
          uniq_jessica
D:4:      wander_river, layout_gridville, lemuel_round_altar,
          portal_sewer_entry_c, uniq_eustachio, uniq_natasha

Skill      XL: |  1  2  3  4  5  6  7 |
---------------+----------------------+-----
Stealth        | 2 |  2.0
Fighting       | 1 2 3 4 |  4.0
Shields        | 1 2 3 |  3.9
Spellcasting   | 4 |  4.7
Dodging        | |  2.6

Action                   |  1- 3 |  4- 6 |  7- 9 || total
-------------------------+-------+-------+-------++-------
Melee: Long sword        |       |    30 |     2 ||    32
 Cast: Magic Dart        |    50 |    77 |     2 ||   129
       Iskenderun's Myst |       |     2 |       ||     2
       Fulminant Prism   |       |     2 |     3 ||     5
  Use: Scroll            |       |     2 |       ||     2
Armor: Robe              |       |     5 |       ||     5
Dodge: Dodged            |     1 |    13 |     3 ||    17
Block: Buckler           |       |    10 |     2 ||    12

Table legend: (Time is in decaauts)
 A = Elapsed time spent in this place.
 B = Non-inter-level travel time spent in this place.
 C = Inter-level travel time spent in this place.
 D = Time resting spent in this place.
 E = Time spent auto-exploring this place.
 F = Levels seen in this place.
 G = Mean time per level.
                   A        B        C        D        E       F      G
               +--------+--------+--------+--------+--------+-----+--------+
         Total |   3572 |   3519 |     53 |    538 |   2607 |   4 |  893.0 |
       Dungeon |   3572 |   3519 |     53 |    538 |   2607 |   4 |  893.0 |
               +--------+--------+--------+--------+--------+-----+--------+

Top non-repeatable levels by time:
     D:3: 1586 daAuts
     D:1: 1006 daAuts
     D:2: 872 daAuts
     D:4: 107 daAuts
